 Dungeon Crawl Stone Soup version 0.30-a0-651-g0755cc6dcf (webtiles) character file.

Game seed: 16655333853108970403

33 M4edhros the Charlatan (level 3, -1/24 HPs)
             Began as an Octopode Artificer on Jan 18, 2023.
             Slain by a frilled lizard (2 damage)
             ... on level 3 of the Dungeon.
             The game lasted 00:00:54 (673 turns).

M4edhros the Charlatan (Octopode Artificer)          Turns: 673, Time: 00:00:55

Health: -1/24      AC:  1    Str: 13    XL:     3   Next: 29%
Magic:  3/3        EV: 14    Int: 13    God:
Gold:   43         SH:  0    Dex: 17    Spells: 0/2 levels left

rFire   . . .      SeeInvis .    k - +2 short sword of the Butterfly {vamp, rC- Will+ Str+2 Dex+3}
rCold   x . .      Faith    .    (no shield)
rNeg    . . .      Spirit   .    (helmet restricted)
rPois   .          Reflect  .    (no amulet)
rElec   .          Harm     .    g - ring of willpower
rCorr   .          Rampage  .    (no ring)
Will    ++...                    (no ring)
Stlth   +++                      (no ring)
HPRegen 0.24/turn                (no ring)
MPRegen 0.08/turn                (no ring)
                                 (no ring)
                                 (no ring)

@: no status effects
A: almost no armour, amphibious, 8 rings, camouflage 1, gelatinous body 1,
(nimble swimmer 1), tentacles
a: no special abilities


You were on level 3 of the Dungeon.
You visited 1 branch of the dungeon, and saw 3 of its levels.

You collected 43 gold pieces.

Inventory:

Hand Weapons
 k - the +2 short sword of the Butterfly (weapon) {vamp, rC- Will+ Str+2 Dex+3}
   (You found it on level 3 of the Dungeon)

   Str:       It affects your strength (+2).
   Dex:       It affects your dexterity (+3).
   rC:        It makes you vulnerable to cold.
   Will:      It increases your willpower.
Jewellery
 g - a ring of willpower (left tentacle)
Wands
 b - a wand of flame (14) (quivered)
 c - a wand of charming (15)
 d - a wand of iceblast (5)
Scrolls
 e - 2 scrolls of teleportation {unknown}
 f - 2 scrolls of blinking {unknown}
 j - a scroll of vulnerability {unknown}
Potions
 a - a potion of flight {unknown}
 h - a potion of resistance {unknown}
 i - a potion of curing {unknown}


   Skills:
 + Level 1.6 Fighting
 + Level 2.7 Dodging
 + Level 2.4 Stealth
 * Level 0.3 Conjurations
 + Level 3.6 Evocations


You couldn't memorise any spells.
You knew the following spells:

 Your Spells              Type           Power      Damage    Failure   Level
a - Searing Ray           Conj           0%         2d4       38%         2

Your spell library contained the following spells:

 Spells                   Type           Power      Damage    Failure   Level
 Magic Dart               Conj           0%         1d3       26%         1
 Fulminant Prism          Conj/Hex       0%         3d5       96%         4


Dungeon Overview and Level Annotations

Branches:
Dungeon (3/15)

Altars:


Innate Abilities, Weirdness & Mutations

You cannot wear most types of armour.
You are amphibious.
You can wear up to eight rings at the same time.
Your skin changes colour to match your surroundings (Stealth+).
Your rubbery body absorbs attacks. (AC +1, EV +1)
((You are camouflaged when in or above water. (Stealth+)))
You have tentacles for arms and can constrict up to eight enemies at once.


Message History

No target in view!
A hobgoblin comes into view.
Things that are here:
a +0 dagger; an orc corpse A hobgoblin is nearby!
A hobgoblin is nearby!
A hobgoblin is nearby!
The helpless hobgoblin fails to defend itself.
You hit the hobgoblin. You grab the hobgoblin.
The hobgoblin is heavily wounded.
You constrict the hobgoblin. The hobgoblin hits you.
You hit the hobgoblin.
You feel better.
You kill the hobgoblin!
No target in view!
A gnoll comes into view. It is wielding a +0 whip.
A gnoll is nearby!
The gnoll shouts!
A gnoll is nearby!
A frilled lizard and 2 gnolls come into view.
Found a stone staircase leading up.
The frilled lizard hisses angrily.
The gnoll shouts! x2
You hit the gnoll. Your grab misses the gnoll.
The gnoll is lightly wounded.
The frilled lizard misses you. The gnoll hits you with a +0 whip!
You hit the gnoll. You grab the gnoll.
The gnoll is moderately wounded.
You constrict the gnoll. The gnoll misses you.
The frilled lizard barely misses you. The gnoll hits you with a +0 whip.
You hit the gnoll.
The gnoll is severely wounded.
You constrict the gnoll. The gnoll misses you.
The gnoll hits you with a +0 club!
* * * LOW HITPOINT WARNING * * *
The gnoll closely misses you. The frilled lizard barely misses you.
You release your grip on the gnoll.
The gnoll attacks as you move away! The gnoll hits you with a +0 club.
* * * LOW HITPOINT WARNING * * *
The frilled lizard attacks as you move away!
The frilled lizard bites you.
You die...

## ...# .# # ...#
## ###.## ..##
#...#####.....
##. .....gggl.#
.# #.#
##@####.##...
.###............
.................
..#.#####.#.#.#.
#< #.#.# . #...#
# #.###
..#####.###.#..
...............


You could see 3 gnolls and a frilled lizard.

Vanquished Creatures
  An adder (D:2)
  An orc (D:3)
  A ball python (D:1)
  2 endoplasms (D:1)
  2 giant cockroaches (D:1)
  A goblin (D:1)
  4 hobgoblins
  4 jackals (D:3)
  A quokka (D:1)
  A bat (D:3)
  A frilled lizard (D:1)
19 creatures vanquished.

Notes
Turn   | Place    | Note
-------+----------+-------------------------------------------
     0 | D:1      | M4edhros the Octopode Artificer began the quest for the
                  | Orb.
     0 | D:1      | Reached XP level 1. HP: 13/13 MP: 1/1
   155 | D:1      | Reached XP level 2. HP: 9/18 MP: 2/2
   367 | D:2      | Reached XP level 3. HP: 13/23 MP: 3/3
   383 | D:3      | Learned a level 2 spell: Searing Ray
   636 | D:3      | Identified the +2 short sword of the Butterfly {vamp, rC-
                  | Will+ Str+2 Dex+3}
   673 | D:3      | HP: 1/24 [gnoll/+0 club (5)]
   673 | D:3      | Slain by a frilled lizard

Illustrated notes

Levels and vault maps discovered:
D:1:      spicycebolla_arrival_risky_transporter, layout_basic
D:2:      layout_basic, shapermc_ecumenical_altar_hornbeckon, minivault_19
D:3:      layout_loops_ring, minivault_19, minmay_pentangle

Skill      XL: |  1  2 |
---------------+-------+-----
Stealth        | 2 |  2.4
Fighting       | |  1.6
Dodging        | |  2.7
Conjurations   | |  0.3
Evocations     | |  3.6

Action                   || total
-------------------------++-------
Melee: Unarmed           ||    59
       Tentacles         ||    14
       Constrict         ||    12
       Short sword       ||     6
       Punch             ||     1
Evoke: Wand              ||     1
 Stab: Sleeping          ||     6
Armor: Skin              ||     3
Dodge: Dodged            ||    45

Table legend: (Time is in decaauts)
 A = Elapsed time spent in this place.
 B = Non-inter-level travel time spent in this place.
 C = Inter-level travel time spent in this place.
 D = Time resting spent in this place.
 E = Time spent auto-exploring this place.
 F = Levels seen in this place.
 G = Mean time per level.
                   A        B        C        D        E       F      G
               +--------+--------+--------+--------+--------+-----+--------+
         Total |    671 |    640 |     31 |     33 |    429 |   3 |  223.7 |
       Dungeon |    671 |    640 |     31 |     33 |    429 |   3 |  223.7 |
               +--------+--------+--------+--------+--------+-----+--------+

Top non-repeatable levels by time:
     D:1: 315 daAuts
     D:3: 293 daAuts
     D:2: 62 daAuts
